 Dungeon Crawl Stone Soup version 0.21.1-1-g345015fe64 (webtiles) character file.

25253 Jannitor the Fighter (level 13, -5/122 HPs)
             Began as a Hill Orc Chaos Knight on Apr 30, 2018.
             Shot with a bolt by a yaktaur (28 damage)
             ... on level 13 of the Dungeon.
             The game lasted 00:33:24 (19579 turns).

Jannitor the Fighter (Hill Orc Chaos Knight)       Turns: 19579, Time: 00:33:24

Health: -5/122     AC: 17    Str: 22    XL:     13   Next: 18%
Magic:  0/13       EV: 10    Int: 16    God:    Xom [....*.]
Gold:   626        SH:  6    Dex: 10    Spells: 12/12 levels left

rFire    + + .     SeeInvis +   w - +0 morningstar
rCold    + + .     Gourm    .   M - +1 buckler {rC+ rF+}
rNeg     + . .     Faith    .   r - +1 plate armour
rPois    +         Spirit   +   (helmet restricted)
rElec    .         Reflect  .   i - +1 cloak {+Inv}
rCorr    .         Harm     .   s - +0 pair of gloves
MR       .....                  (no boots)
Stlth    ..........             u - amulet "Jistruss" {Spirit Slay+3}
HPRegen  0.30/turn              h - ring of protection from cold
MPRegen  0.13/turn              E - ring of positive energy

@: about to teleport
A: horns 1, slimy green scales 1, camouflage 1, see invisible, clever 2,
deformed body, fire resistance 1, poison resistance, screaming 1, strong 1, no
potion heal 1
a: Renounce Religion, Evoke Invisibility


You were on level 13 of the Dungeon.
You worshipped Xom.
You were a beloved toy of Xom.
You were hungry.

You visited 2 branches of the dungeon, and saw 14 of its levels.

You collected 1036 gold pieces.
You spent 410 gold pieces at shops.

Inventory:

Hand Weapons
 a - a +0 mace of chaos
 t - a +1 flail
 w - a +0 morningstar (weapon)
 D - a +2 flail of crushing
Missiles
 f - 23 tomahawks (quivered)
Armour
 i - a +1 cloak of invisibility (worn)
 m - a scarf of spirit shield
 n - a +0 shield
 r - a +1 plate armour (worn)
 s - a +0 pair of gloves (worn)
 M - a +1 buckler of resistance (worn)
Jewellery
 d - an uncursed amulet of the gourmand
 h - a ring of protection from cold (left hand)
 k - an uncursed ring of magical power
 u - the amulet "Jistruss" (around neck) {Spirit Slay+3}
   (You found it on level 12 of the Dungeon)

   [amulet of guardian spirit]

   It causes incoming damage to be split between your health and magic.
   It affects your accuracy and damage with ranged weapons and melee attacks
   (+3).
 x - an uncursed ring of see invisible
 E - a ring of positive energy (right hand)
 F - a +5 ring of intelligence
 H - an uncursed amulet of harm
 K - an uncursed ring of magical power
 P - an uncursed ring of protection from fire {unknown}
 Q - an uncursed amulet of rage {unknown}
Wands
 j - a wand of flame (35)
 p - a wand of random effects (4)
 N - a wand of paralysis (11)
 R - a wand of polymorph (10)
 S - a wand of iceblast (12)
Scrolls
 e - 3 scrolls of identify
 g - 2 scrolls of enchant armour
 v - 2 scrolls of enchant weapon
 y - 3 scrolls of amnesia
 I - 2 scrolls of fog
 J - a scroll of teleportation
 L - 2 scrolls of remove curse
Potions
 o - 5 potions of flight
 q - a potion of cancellation
 A - 2 potions of magic
 B - a potion of haste
 C - 2 potions of mutation
 G - 2 potions of brilliance
Books
 b - the Compendium of Combed Thunderclap
   (You found it on level 12 of the Dungeon)

   Spells                             Type                      Level
   a - Static Discharge               Conjuration/Air              3
   b - Deflect Missiles               Charms/Air                   6
 l - Sif Muna's Tome of Axaxaxas mlö
   (You found it on level 12 of the Dungeon)

   Spells                             Type                      Level
   a - Mephitic Cloud                 Conjuration/Poison/Air       3
   b - Freezing Cloud                 Conjuration/Ice/Air          6
 z - the Incunabulum of Sand
   (You found it on level 12 of the Dungeon)

   Spells                             Type                      Level
   a - Pain                           Necromancy                   1
   b - Statue Form                    Transmutation/Earth          6
Miscellaneous
 O - a lightning rod (2/4)
Comestibles
 c - 27 rations


   Skills:
 + Level 13.3 Fighting
 + Level 12.3 Maces & Flails
 + Level 12.1 Armour
 + Level 7.1 Dodging
 + Level 7.2 Shields


You had 12 spell levels left.
You didn't know any spells.

Dungeon Overview and Level Annotations

Branches:
Dungeon (13/15) Temple (0/1) D:6 Lair (0/6) D:11 Orc (1/2) D:12 Vaults (0/5) D:12 D:13

Altars:
Ashenzari
Cheibriados
Elyvilon
Gozag
Hepliaklqana
Kikubaaqudgha
Nemelex Xobeh
Okawaru
Qazlal
Uskayaw
Xom
The Shining One

Shops:
D:5 [[%[   D:6 =   D:9 [

Annotations:
D:10 Urug
D:13 4 runed doors, Frances, Rupert


Innate Abilities, Weirdness & Mutations

You have a pair of small horns on your head.
You are partially covered in slimy green scales. (AC +2)
Your skin changes colour to match your surroundings (Stealth+).
You have supernaturally acute eyesight. (SInv)
Your mind is very acute. (Int +4)
Armour fits poorly on your strangely shaped body.
Your flesh is heat resistant. (rF+)
Your system is resistant to poisons. (rPois)
You occasionally shout uncontrollably at your foes.
Your muscles are strong. (Str +2)
Potions are less effective at restoring your health.


Message History

The arrow hits you but does no damage. The human barely misses you.
Rupert hits you with a great mace of protection!
You block the yaktaur's attack.
The yaktaur shoots a bolt.
The bolt hits you!
The centaur shoots an arrow.
The arrow hits you but does no damage.
Unknown command.
You block the human's attack.
Rupert hits you with a great mace of protection!
* * * LOW HITPOINT WARNING * * *
The centaur shoots an arrow.
The arrow hits you.
* * * LOW HITPOINT WARNING * * *
The yaktaur hits you but does no damage.
The yaktaur shoots a bolt.
The bolt hits you!
* * * LOW HITPOINT WARNING * * *
Things that are here:
an arrow; 3 bolts The human hits you but does no damage.
The centaur unwields an uncursed shortbow.
The centaur barely misses you.
The yaktaur shoots a bolt.
The bolt hits you!!
You die...
Xom is highly amused!

#.##.##.#
#.......#
####.#### #.#
#.#
################
#.#
........(......#
#.#
#.....(c......#
#..
##.....@..c....#
###
......KpK......#
.#.....@>c...().
#.....∩4@..c.#.
.......3......#
.#...(........#
........(.....#
..............#
.#####.....##...


You could see Frances, Rupert, a sun demon, 3 yaktaurs, a rust devil, a human, a
big kobold, a centaur and a kobold.

Vanquished Creatures
  Snorg (D:11)
  A hydra (D:12)
  A centaur warrior (D:12)
  Erica (D:8)
  4 two-headed ogres
  A skeletal warrior (D:12)
  2 unseen horrors
  2 wizards
  An orc knight (D:12)
  An orc sorcerer (Orc:1)
  A deep elf mage (D:11)
  2 ugly things
  A cyclops (D:11)
  A manticore (D:12)
  A gargoyle (D:11)
  4 centaur skeletons
  A jumping spider (shapeshifter) (D:13)
  7 trolls
  A hornet (shapeshifter) (D:12)
  4 hippogriffs
  A shadow (D:12)
  A wraith (D:12)
  A wyvern (D:12)
  13 humans
  6 yaks (D:12)
  2 basilisks
  A hungry ghost (D:12)
  A warg (D:12)
  A soldier ant (D:12)
  2 hell hounds (D:11)
  8 orc warriors
  3 sky beasts
  An eye of draining (D:11)
  A black bear (D:9)
  3 ice beasts
  9 ogres
  2 phantoms
  10 centaurs
  2 crocodiles
  A big kobold (D:10)
  9 bullfrogs
  7 scorpions
  6 killer bees (D:7)
  4 wights (D:12)
  2 howler monkeys
  A bullfrog zombie (D:12)
  2 jellies
  A centaur zombie (D:7)
  A quasit (D:7)
  7 crimson imps
  10 orc priests
  4 hounds
  2 bullfrog skeletons
  2 gnoll shamans
  Terence (D:2)
  6 iguanas
  7 orc wizards
  7 worker ants
  A hound skeleton (D:6)
  A hound zombie (D:9)
  2 worker ant zombies
  A mummy (D:6)
  14 adders
  12 gnolls
  2 shadow imps
  3 oozes
  2 adder skeletons
  An adder zombie (D:3)
  6 worms
  2 dart slugs
  5 leopard geckos
  59 orcs
  4 bats
  5 giant cockroaches
  7 goblins
  5 hobgoblins
  4 jackals
  5 kobolds (D:1)
  5 quokkas
  9 frilled lizards
  A jackal zombie (D:6)
  A quokka skeleton (D:4)
  11 rats
354 creatures vanquished.

Vanquished Creatures (collateral kills)
  An orc warrior (D:11)
  The ghost of tmwh the Chopper, an amateur HOFi of Xom (D:3)
  An ogre (D:3)
  A centaur (D:12)
  An orc wizard (D:8)
  4 orcs
9 creatures vanquished.

Vanquished Creatures (others)
  An orc warrior (Orc:1)
  A shadow imp (D:12)
  A ball lightning (D:3)
3 creatures vanquished.

Grand Total: 366 creatures vanquished

Notes
Turn   | Place    | Note
-------+----------+-------------------------------------------
     0 | D:1      | Jannitor the Hill Orc Chaos Knight began the quest for the Orb.
     0 | D:1      | Reached XP level 1. HP: 19/19 MP: 1/1
   222 | D:1      | XOM: harmless Erth miscast
   234 | D:1      | Reached XP level 2. HP: 21/27 MP: 2/2
   301 | D:1      | XOM: noise
   349 | D:1      | Reached skill level 4 in Fighting
   554 | D:1      | XOM: smoke on damage
   666 | D:1      | XOM: potion effect (berserk rage)
   667 | D:1      | Reached XP level 3. HP: 33/33 MP: 3/3
   848 | D:1      | XOM: 1-stop teleportation journey
  1038 | D:1      | XOM: god gift: fustibalus {god gift}
  1097 | D:2      | XOM: 4-stop teleportation journey
  1106 | D:2      | Reached XP level 4. HP: 33/41 MP: 4/4
  1301 | D:2      | Noticed Terence
  1301 | D:2      | XOM: summons friendly ufetubus
  1309 | D:2      | XOM: chaos upgrade
  1313 | D:2      | Killed Terence
  1581 | D:2      | Reached XP level 5. HP: 44/47 MP: 5/5
  1873 | D:2      | XOM: 10-stop teleportation journey
  1947 | D:2      | Reached skill level 5 in Fighting
  2079 | D:2      | XOM: mild Chrm miscast
  2172 | D:2      | XOM: harmless Ice miscast
  2268 | D:2      | XOM: harmless Necr miscast
  2523 | D:2      | Found a hide-covered altar of Uskayaw.
  3025 | D:3      | Noticed tmwh's ghost (amateur HOFi)
  3027 | D:3      | XOM: enchant monster (good)
  3035 | D:3      | XOM: severe Air miscast
  3043 | D:3      | XOM: enchant monster (bad)
  3263 | D:3      | XOM: cleaving
  3264 | D:3      | XOM: enchant monster (bad)
  3267 | D:3      | XOM: divination: detect items
  3357 | D:2      | XOM: medium Erth miscast
  4162 | D:4      | XOM: enchant monster (bad)
  4173 | D:4      | Reached skill level 5 in Maces & Flails
  4173 | D:4      | Reached XP level 6. HP: 56/56 MP: 6/6
  4234 | D:4      | XOM: noise
  4340 | D:4      | XOM: give mutations
  4340 | D:4      | Gained mutation: You are frail. (-10% HP) [Xom's mischief]
  4340 | D:4      | Gained mutation: You are clumsy. (Dex -2) [Xom's mischief]
  4340 | D:4      | Gained mutation: Armour fits poorly on your strangely shaped body. [Xom's mischief]
  4370 | D:4      | Reached skill level 6 in Fighting
  4417 | D:4      | XOM: give mutations
  4417 | D:4      | Gained mutation: Your system is resistant to poisons. (rPois) [Xom's grace]
  4417 | D:4      | Gained mutation: You have large cloven feet. [Xom's grace]
  4417 | D:4      | Gained mutation: Your flesh is heat resistant. (rF+) [Xom's grace]
  4417 | D:4      | Gained mutation: Your skin changes colour to match your surroundings (Stealth+). [Xom's grace]
  4418 | D:4      | XOM: give mutations
  4418 | D:4      | Gained mutation: You are resistant to hostile enchantments. (MR+) [Xom's mischief]
  4418 | D:4      | Gained mutation: You occasionally shout uncontrollably at your foes. [Xom's mischief]
  4475 | D:4      | XOM: summons 2 friendly demons
  4480 | D:4      | Reached XP level 7. HP: 31/56 MP: 7/7
  4585 | D:4      | XOM: 1-stop teleportation journey
  4623 | D:4      | Reached skill level 5 in Armour
  4790 | D:4      | XOM: summons 1 hostile demon
  4833 | D:3      | XOM: summons 6 friendly demons
  4847 | D:3      | Killed tmwh's ghost
  5313 | D:4      | XOM: mild Ice miscast
  5424 | D:4      | Found an iron altar of Okawaru.
  5491 | D:4      | XOM is BORED!
  5491 | D:4      | XOM: give mutations
  5491 | D:4      | Lost mutation: You are clumsy. (Dex -2) [Xom's mischief]
  5491 | D:4      | Gained mutation: Your mind is acute. (Int +2) [Xom's mischief]
  5491 | D:4      | Gained mutation: You tend to lose your temper in combat. [Xom's mischief]
  5491 | D:4      | Gained mutation: Potions are less effective at restoring your health. [Xom's mischief]
  5524 | D:4      | Found a glowing golden altar of the Shining One.
  5707 | D:5      | Entered Level 5 of the Dungeon
  5707 | D:5      | Found Raalell's Armour Emporium.
  5709 | D:5      | Bought a +0 pair of gloves for 58 gold pieces
  5725 | D:5      | Found a shattered altar of Ashenzari.
  5734 | D:5      | Reached skill level 7 in Fighting
  5734 | D:5      | Reached XP level 8. HP: 45/65 MP: 8/8
  5878 | D:5      | XOM: scenery: 1 doors open
  6037 | D:5      | XOM: mild Tloc miscast
  6440 | D:5      | Found Ugodell's Food Shoppe.
  6564 | D:5      | Found a stormy altar of Qazlal.
  6565 | D:5      | Found an ancient bone altar of Kikubaaqudgha.
  6575 | D:5      | Found Ethres's Antique Armour Shop.
  6608 | D:5      | XOM: cloud trail
  6611 | D:5      | You fall through a shaft for 3 floors!
  6699 | D:8      | Noticed a two-headed ogre
  6708 | D:8      | XOM: enchant monster (good)
  6713 | D:8      | XOM: cast spell 'Olgreb's Toxic Radiance'
  6715 | D:8      | XOM: butterfly on damage
  6883 | D:8      | XOM: medium Tloc miscast
  6901 | D:8      | XOM: potion effect (haste)
  7133 | D:7      | XOM: divination: detect items
  7187 | D:7      | XOM: medium Ice miscast
  7324 | D:6      | XOM: stealth player
  7324 | D:6      | Noticed a hippogriff
  7328 | D:6      | XOM: noise
  7335 | D:6      | Killed a hippogriff
  7335 | D:6      | Reached skill level 8 in Fighting
  7499 | D:6      | Found a sparkling altar of Nemelex Xobeh.
  7573 | D:6      | Found a white marble altar of Elyvilon.
  7679 | D:6      | Found a staircase to the Ecumenical Temple.
  7791 | D:6      | Found a snail-covered altar of Cheibriados.
  7821 | D:6      | Reached XP level 9. HP: 46/73 MP: 6/9
  7974 | D:5      | Found Kasa's Antique Armour Emporium.
  8001 | D:5      | XOM: summons 4 hostile demons
  8405 | D:6      | Found Muurcheyxt's Jewellery Shop.
  8558 | D:6      | XOM: 1-stop teleportation journey
  8591 | D:6      | XOM: mild Summ miscast
  8615 | D:6      | Reached skill level 9 in Fighting
  8783 | D:6      | Found a hazy altar of Hepliaklqana.
  9043 | D:7      | XOM: confuse monster(s)
  9046 | D:7      | XOM: chaos cloud
  9114 | D:7      | XOM: give mutations
  9114 | D:7      | Gained mutation: You are partially covered in slimy green scales. (AC +2) [Xom's grace]
  9114 | D:7      | Gained mutation: Your mind is very acute. (Int +4) [Xom's grace]
  9123 | D:7      | XOM: potion effect (heal wounds)
  9156 | D:7      | XOM: give mutations
  9156 | D:7      | Gained mutation: Your muscles are strong. (Str +2) [Xom's grace]
  9156 | D:7      | Gained mutation: You have very sharp teeth. [Xom's grace]
  9447 | D:7      | XOM: cloud trail
  9512 | D:7      | Found a shimmering altar of Xom.
  9524 | D:7      | Reached skill level 1 in Dodging
  9671 | D:7      | XOM: god gift: 15 gold pieces
  9730 | D:7      | XOM: god gift: 20 arrows
 10147 | D:7      | XOM: god gift: bardiche {god gift}
 10261 | D:8      | Lost mutation: You tend to lose your temper in combat. [potion of mutation]
 10261 | D:8      | Lost mutation: You have large cloven feet. [potion of mutation]
 10261 | D:8      | Lost mutation: You are frail. (-10% HP) [potion of mutation]
 10261 | D:8      | Lost mutation: You are resistant to hostile enchantments. (MR+) [potion of mutation]
 10261 | D:8      | Gained mutation: You have supernaturally acute eyesight. (SInv) [potion of mutation]
 10261 | D:8      | Gained mutation: You have a pair of small horns on your head. [potion of mutation]
 10403 | D:8      | Noticed Erica
 10405 | D:8      | XOM: fog
 10414 | D:8      | XOM: scenery: create altars
 10416 | D:8      | Killed a two-headed ogre
 10416 | D:8      | Reached skill level 10 in Fighting
 10416 | D:8      | Reached XP level 10. HP: 88/93 MP: 8/10
 10425 | D:8      | Killed Erica
 10982 | D:9      | XOM: noise
 10996 | D:9      | XOM: summons 3 friendly demons
 11000 | D:9      | XOM: polymorph wyvern -> worm
 11238 | D:9      | XOM: blink monster(s)
 11384 | D:9      | Noticed a two-headed ogre
 11393 | D:9      | Killed a two-headed ogre
 11393 | D:9      | Reached skill level 11 in Fighting
 11393 | D:9      | Reached skill level 10 in Maces & Flails
 11403 | D:9      | XOM: 9-stop teleportation journey
 11531 | D:9      | XOM: noise
 11631 | D:9      | XOM: 4-stop teleportation journey
 11644 | D:9      | XOM: give mutation
 11644 | D:9      | Lost mutation: You have very sharp teeth. [Xom's mischief]
 11806 | D:9      | Reached skill level 10 in Armour
 11813 | D:9      | Found Alui's Antique Armour Boutique.
 11820 | D:9      | Bought a glowing buckler for 157 gold pieces
 12326 | D:10     | Entered Level 10 of the Dungeon
 12335 | D:10     | Reached XP level 11. HP: 102/102 MP: 11/11
 12347 | D:10     | Reached skill level 1 in Shields
 12409 | D:10     | XOM: 4-stop teleportation journey
 12455 | D:10     | XOM: 1-stop teleportation journey
 12472 | D:10     | XOM: chaos cloud
 12734 | D:10     | XOM: swap monsters
 12751 | D:10     | XOM: enchant monster (bad)
 12838 | D:10     | Noticed Urug
 12838 | D:10     | Noticed a two-headed ogre
 12845 | D:10     | XOM: 1-stop teleportation journey
 12975 | D:10     | XOM is BORED!
 12975 | D:10     | XOM: severe Necr miscast
 12992 | D:10     | Killed a two-headed ogre
 13125 | D:10     | XOM: divination: magic mapping
 13404 | D:11     | XOM: summons friendly shadow imp
 13408 | D:11     | Found a staircase to the Lair.
 13448 | D:11     | Reached skill level 5 in Dodging
 13636 | D:11     | Noticed a red ugly thing
 13654 | D:11     | Killed a red ugly thing
 14013 | D:11     | Noticed a cyclops
 14023 | D:11     | Killed a cyclops
 14047 | D:11     | XOM: divination: magic mapping
 14092 | D:11     | XOM: harmless Erth miscast
 14181 | D:11     | Noticed an unseen horror
 14200 | D:11     | Killed an unseen horror
 14244 | D:11     | XOM: summons 5 hostile demons
 14253 | D:11     | XOM: mild Conj miscast
 14418 | D:11     | XOM: summons 3 hostile shadow creatures
 14422 | D:11     | XOM: summons 5 hostile demons
 14501 | D:10     | Noticed Urug
 14501 | D:10     | Urug changed into Urug the guardian serpent
 14501 | D:10     | XOM: polymorph Urug -> Urug the guardian serpent
 14518 | D:11     | XOM: harmless Conj miscast
 14694 | D:11     | XOM: god gift: 26 gold pieces
 14781 | D:11     | XOM: cloud trail
 14818 | D:12     | Reached skill level 12 in Fighting
 14958 | D:11     | XOM: divination: detect items
 15108 | D:11     | XOM: repel stairs
 15548 | D:12     | XOM: confusion
 15690 | D:12     | Found a staircase to the Orcish Mines.
 15748 | D:12     | Got a pitted graven amulet
 15756 | D:12     | Noticed Snorg
 15759 | D:12     | Noticed a wizard
 15761 | D:12     | Noticed a deep elf mage
 15765 | D:12     | Noticed a deep elf mage
 15810 | D:13     | Found a gate to the Vaults.
 15810 | D:13     | Noticed a skeletal warrior
 15810 | D:13     | Noticed a centaur warrior
 15810 | D:13     | Noticed an orc knight
 15810 | D:13     | Noticed Rupert
 15834 | Orc:1    | Entered Level 1 of the Orcish Mines
 16108 | Orc:1    | XOM: medium Air miscast
 16201 | Orc:1    | Noticed an orc sorcerer
 16227 | Orc:1    | Paralysed by an orc sorcerer for 4 turns
 16234 | Orc:1    | XOM: harmless Tloc miscast
 16236 | Orc:1    | Noticed a soul eater
 16237 | Orc:1    | Killed an orc sorcerer
 16237 | Orc:1    | Reached XP level 12. HP: 99/112 MP: 12/12
 16388 | Orc:1    | XOM: 8-stop teleportation journey
 16433 | Orc:1    | Noticed an orc warlord
 16437 | Orc:1    | XOM: harmless Pois miscast
 16561 | Orc:1    | XOM: silly message
 16824 | Orc:1    | Identified the amulet "Jistruss" {Spirit Slay+3} (You found it on level 12 of the Dungeon)
 16898 | D:10     | XOM: cloud trail
 17005 | D:5      | Bought a glowing cloak for 195 gold pieces
 17061 | D:6      | XOM: cloud trail
 17259 | D:11     | Killed Snorg
 17259 | D:11     | Reached skill level 5 in Shields
 17473 | D:12     | Identified the Compendium of Combed Thunderclap
 17480 | D:12     | Identified Sif Muna's Tome of Axaxaxas mlö
 17485 | D:12     | Noticed a four-headed hydra
 17491 | D:12     | XOM: harmless Necr miscast
 17496 | D:12     | Killed a four-headed hydra
 17506 | D:12     | Identified the Incunabulum of Sand
 17534 | D:12     | Found a hazy altar of Hepliaklqana.
 17615 | D:12     | XOM: confuse monster(s)
 17623 | D:12     | XOM: enchant monster (good)
 17690 | D:12     | XOM: divination: detect items
 17743 | D:12     | XOM: noise
 17746 | D:12     | XOM: blink monster(s)
 17774 | D:12     | XOM: potion effect (might)
 17784 | D:12     | XOM: potion effect (curing)
 17828 | D:12     | Found an ancient bone altar of Kikubaaqudgha.
 18113 | D:11     | XOM: silly message
 18203 | D:12     | XOM: chaos upgrade
 18215 | D:12     | XOM: divination: detect items
 18227 | D:12     | XOM: potion effect (might)
 18454 | D:12     | XOM: enchant monster (good)
 18484 | D:12     | XOM: cast spell 'Ring of Flames'
 18753 | D:13     | XOM: enchant monster (good)
 18759 | D:12     | XOM: confuse monster(s)
 18760 | D:12     | Killed a centaur warrior
 18760 | D:12     | Reached skill level 13 in Fighting
 18770 | D:12     | XOM: polymorph human -> warg
 18794 | D:12     | XOM: summons friendly quasit
 18797 | D:12     | XOM: enchant monster (bad)
 18807 | D:12     | XOM: fake destruction
 18829 | D:12     | XOM: divination: detect creatures
 18830 | D:12     | XOM: chaos cloud
 18843 | D:12     | XOM: enchant monster (bad)
 18844 | D:12     | XOM: mild Hex miscast
 18845 | D:12     | XOM: fake destruction
 18855 | D:12     | Reached XP level 13. HP: 39/122 MP: 9/13
 19189 | D:12     | XOM: enchant monster (good)
 19232 | D:13     | Found an opulent altar of Gozag.
 19330 | D:13     | Found a runed door.
 19341 | D:13     | Found a runed door.
 19355 | D:13     | Found a runed door.
 19365 | D:13     | Found a runed door.
 19574 | D:13     | Noticed Frances
 19579 | D:13     | Shot with a bolt by a yaktaur

Skill      XL: |  1  2  3  4  5  6  7  8  9 10 11 12 13 |
---------------+----------------------------------------+-----
Fighting       | 4 5 6 7 8 10 11 12 13 | 13.3
Armour         | 3 4 5 7 9 10 11 12 | 12.1
Maces & Flails | 4 5 6 7 9 10 11 12 | 12.3
Dodging        | 2 4 5 6 7 |  7.1
Shields        | 4 6 7 |  7.2

Action                   |  1- 3 |  4- 6 |  7- 9 | 10-12 | 13-15 || total
-------------------------+-------+-------+-------+-------+-------++-------
Melee: Mace              |    96 |    66 |       |       |       ||   162
       Flail             |       |   153 |   359 |   390 |       ||   902
       Kick              |       |     2 |    86 |       |       ||    88
       Bite              |       |       |     6 |     9 |       ||    15
       Headbutt          |       |       |       |   148 |     9 ||   157
       Morningstar       |       |       |       |   354 |    68 ||   422
Evoke: Wand              |       |       |    31 |    15 |       ||    46
       Lightning rod     |       |       |       |     4 |       ||     4
  Use: Scroll            |       |     6 |    14 |    12 |     1 ||    33
       Potion            |       |     2 |     5 |     5 |       ||    12
 Stab: Paralysed         |       |     1 |       |       |       ||     1
       Petrified         |       |     4 |       |       |       ||     4
  Eat: Chunk             |       |     9 |    21 |    23 |     2 ||    55
       Ration            |       |     1 |       |     1 |       ||     2
Armor: Leather armour    |    44 |     7 |       |       |       ||    51
       Plate armour      |       |   124 |   283 |   460 |    61 ||   928
       Skin              |       |       |       |     4 |       ||     4
Dodge: Dodged            |    62 |    69 |   143 |   298 |    36 ||   608
Block: Buckler           |       |       |       |   160 |    34 ||   194
